[Event "Late-Titled-Tuesday-Blitz-May-07-2024"]
[Site "Chess.com"]
[Date "2024.05.07"]
[Round "10"]
[White "CarrotsandPizza"]
[Black "super_emi_26"]
[Result "1/2-1/2"]
[WhiteElo "2586"]
[BlackElo "2825"]
[TimeControl "180+1"]
[EndTime "15:58:01 PDT"]
[Termination "Game drawn by 50-move rule"]

1. e4 g6 2. d4 Bg7 3. Nc3 d5 4.
e5 c5 5. dxc5 d4 6. Ne4 Bxe5 7.
Nf3 Bg7 8. Bc4 Nc6 9. h3 Nf6 10. Nxf6+ Bxf6 11. O-O O-O 12. Bh6 Re8 13. Ng5 e6 14.
Ne4 Be7 15. a3 f5 16. Nd6 Bxd6 17. cxd6 Qxd6 18. f4 b6 19. Re1 Bb7 20. Qd2 Rad8 21. Rad1 Kf7 22. Re2 Qc5 23. Bd3 e5 24. fxe5 Nxe5 25.
Rde1 Nxd3 26. cxd3 Qc6 27. Bg5 Rxe2 28. Qxe2 Re8 29.
Qxe8+ Qxe8 30. Rxe8 Kxe8 31. Bf6 Ba6 32. Bxd4 Bxd3 33.
Kf2 Kf7 34. g3 g5 35. h4 gxh4 36. gxh4 Kg6 37. Be3 Kh5 38. Kg3 Be4 39. Bf4 Kg6 40. Kf2 a6 41. Kg3 b5 42. Kf2 Kf7 43. Ke3 Kg7 44. Kf2 Kg6 45. Kg3 Kf6 46. Kf2 Ke6 47.
Ke3 Kd5 48. Bg5 Ke5 49. Bf4+ Ke6 50. Kd4 Kf6 51. Ke3 a5 52. Kf2 Ke6 53. Bd2 a4 54.
Bf4 Kd5 55. Kg3 Kd4 56. Bg5 Kd3 57. Kf4 Kc2 58. Bf6 Kb1 59. Be5 Bc2 60. Bf6 Ka2 61. Be5 Kb3 62. Bf6 Kc4 63. Be5 Kd5 64. Bc3 Ke6 65.
Bd4 Kd6 66. Bc3 Kc6 67. Bd4 Kd5 68. Bc3 Kc4 69. Bf6 b4 70. axb4 Kxb4 71. Bc3+ Kb3 72. Bg7 Kc4 73. Bf6 Kd3 74. Bg7 Kd2 75. Bf6 Be4 76.
Bg7 Kd3 77. Bf6 Kc4 78. Bg7 Kd5 79. Bf6 Ke6 80. Bg7 Kf7 81. Bh8 Kg8 82. Bc3 Kf8 83.
Bd4 Kf7 84. Be3 Bb1 85. Bd2 Kg6 86. Ba5 Kh5 87. Bd8 Kg6 88. Be7 Kf7 89. Bd8 Ke6 90. Ba5 Kd5 91. Bc3 Kc5 92. Bf6 Kc4 93. Bg7 Be4 94. Bf6 Kd3 95. Bg7 Ke2 96. Bf6 Kf2 97. Bg7 Kg2 98. Bf6 Kh3 99. Be7 Kh2 100. Bf6 h6 101.
Be7 Kg2 102. Bf6 h5 103. Be7 Kf2 104. Bf6 Ke2 105. Bg7 Kd2 106. Bh8 Kc2 107. Bg7 Kb3 108. Bh8 Kc4 109. Bg7 Kd5 110. Bf6 Ke6 111. Bc3 Kf7 112. Bd4 Ke7 113. Bc3 Kd6 114. Bd4 Kd5 115. Bf6 Kc4 116. Bg7 Bc2 117. Bh8 Kc5 118. Bg7 Kc6 119. Bf6 Kd7 120. Bc3 Ke6 121. Bd4 Kd5 122. Bf6 Kc4 123. Bg7 Kd3 124. Bf6 Ke2 125. Be5 Kd1 126. Bf6 Ke1 127. Be5 Kf1 128. Bf6 a3 129. bxa3 Ke2 130. a4 Bxa4 131. Kxf5 Bd7+ 132. Kg5 Bg4 133. Be5 Kd3 134. Bf4 Kc4 135. Bg3 Kd5 136. Bf4 Ke6 137. Be3 Kf7 138. Bd2 Ke8 139. Bc1 Kd8 140. Bb2 Kc7 141. Ba1 Kb6 142. Bb2 Ka6 143. Bc1 Ka5 144. Bd2+ Ka4 145. Be3 Kb3 146. Bf4 Kc2 147. Be5 Kd3 148. Bf6 Ke4 149. Bg7 Kd5 150. Bh6 Ke6 151. Bg7 Kf7 152. Bd4 Kg8 153. Be3 Kh7 154. Bf2 Kg7 155. Bg3 Kf7 156. Bf4 Ke6 157. Be3 Kd5 158. Bd2 Ke4 159. Ba5 Kf3 160.
Bb6 Ke2 161. Ba7 Kd1 162. Bb8 Kc2 163. Bc7 Kd3 164. Bd8 Kc4 165. Bf6 Kd5 166. Bg7 Ke6 167. Bf8 Kf7 168. Bb4 Kg7 169. Bd2 Kg8 170. Be3 Kf7 171. Bf4 Bd1 172. Bg3 Ke6 173. Bf2 Kd5 174. Kf4 Kc4 175. Ke3 Kc3 176. Bg3 Bg4 177. Be5+ Kc2 178. Kf4 Kd1 179. Kg3 Ke2 180. Bf6 Kd3 181. Bg5 1/2-1/2

[Event "Late-Titled-Tuesday-Blitz-May-07-2024"]
[Site "Chess.com"]
[Date "2024.05.07"]
[Round "10"]
[White "martinmena"]
[Black "klifus"]
[Result "0-1"]
[WhiteElo "2127"]
[BlackElo "2146"]
[TimeControl "180+1"]
[EndTime "15:58:01 PDT"]
[Termination "klifus won by checkmate"]

1. c4 e5 2. g3 Nc6 3. Bg2 g6 4. Nc3 Bg7 5. d3 d6 6. e4 Be6 7. Be3 Qd7 8. Nge2 Nge7 9. O-O Bh3 10. Qd2 h5 11. Nd5 Nxd5 12. cxd5 Ne7 13. f4 h4 14. fxe5 Bxe5 15. d4 Bg7 16. Nf4 Bxg2 17. Qxg2 hxg3 18. hxg3 c6 19. Rac1 cxd5 20. Nxd5 Nxd5 21.
exd5 Rc8 22. Qe4+ Kf8 23. Rxc8+ Qxc8 24. Bf4 Qd7 25. Re1 Bf6 26. Qe3 Kg7 27. Qf2 Rh5 28.
Re2 Rxd5 29. Rd2 Qf5 30. Kg2 Qe4+ 31. Qf3 Qxf3+ 32. Kxf3 g5 33. Be3 Kg6 34. b3 Rf5+ 35. Kg2 g4 36. d5 Rf3 37. Bxa7 Be5 38. Bf2 Kf5 39. Rc2 Ke4 40. Rd2 b5 41. a4 bxa4 42. bxa4 Ra3 43. Rb2 Rxa4 44. Rb7 f5 45. Re7 Kxd5 46.
Rf7 Ke4 47. Rb7 d5 48. Rb5 d4 49. Rb1 Ra2 50. Re1+ Kd5 51. Rd1 Re2 52. Rc1 Ke4 53. Rb1 Kd3 54. Rd1+ Kc2 55. Ra1 d3 56. Ra2+ Kb3 57.
Rxe2 dxe2 58. Be1 Kc2 59. Kf2 Kd1 60. Bc3 Bxg3+ 61. Kxg3 e1=Q+ 62. Bxe1 Kxe1 63. Kg2 Ke2 64. Kg3 Ke3 65. Kg2 f4 66. Kg1 Ke2 67. Kg2 f3+ 68. Kg1 f2+ 69. Kh2 f1=Q 70. Kg3 Qf3+ 71. Kh4 Qh3+ 72. Kg5 g3 73. Kf4 g2 74. Ke4 g1=Q 75. Kd5 Qg5+ 76. Kc4 Qgg4+ 77. Kc5 Qhh5+ 78. Kd6 Qgg6+ 79.
Ke7 Qhh7+ 80. Kf8 Qgg8# 0-1

[Event "Late-Titled-Tuesday-Blitz-May-07-2024"]
[Site "Chess.com"]
[Date "2024.05.07"]
[Round "10"]
[White "bazar-wokzal"]
[Black "Mischuk_D"]
[Result "1/2-1/2"]
[WhiteElo "2613"]
[BlackElo "2801"]
[TimeControl "180+1"]
[EndTime "15:58:03 PDT"]
[Termination "Game drawn - insufficient material"]

1. e4 e6 2. d4 d5 3. exd5 exd5 4. Nf3 Nf6 5. c4 Bb4+ 6. Nc3 O-O 7. Bd3 dxc4 8. Bxc4 Bg4 9. O-O Nc6 10. Bg5 h6 11.
Bh4 Bxf3 12. Qxf3 Qxd4 13. Bxf6 Qxf6 14. Qxf6 gxf6 15. Nd5 Bd6 16. Nxf6+ Kg7 17. Nh5+ Kg6 18. Ng3 f5 19. Rad1 h5 20. Bd5 h4 21. Ne2 Ne7 22. Bb3 Rfd8 23. Rfe1 Bb4 24. Nc3 Rxd1 25. Rxd1 a6 26.
Ne2 Bd6 27. Nd4 Kf6 28. Re1 Rd8 29. Re6+ Kg7 30. Nf3 Rh8 31. Kf1 h3 32. g3 Ng6 33.
Nd4 Rf8 34. Bc2 Ne7 35. Rxe7+ Bxe7 36. Ne6+ Kf6 37. Nxf8 Bxf8 38. Ke2 Bc5 39. Kf3 Kg5 40. Bd3 Bd4 41. b3 c6 42. Bf1 b5 43. Bxh3 c5 44.
Bf1 Kf6 45. Bd3 Bc3 46. a4 c4 47. bxc4 bxa4 48. c5 a3 49. Bc4 Bd4 50. c6 Bb6 51. h4 Bc7 52. Ke2 a5 53. Kf1 Bd8 54. Kg2 Ke5 55. h5 Kd6 56. h6 Kxc6 57. h7 Bf6 58. Kf3 Kc5 59. Be6 Be5 60. g4 fxg4+ 61. Kxg4 Kd4 62. f4 Bg7 63. f5 Ke5 64. Kg5 Bf6+ 65.
Kg6 Bh8 66. Kf7 a4 67. Kg8 Bf6 68. h8=Q Bxh8 69. Kxh8 a2 70. Bxa2 Kxf5 71. Kg7 Ke4 72. Kf6 Kd4 73. Bg8 a3 74. Bf7 Ke4 75. Be6 Kd4 76. Bf7 a2 77. Bxa2 1/2-1/2

[Event "Late-Titled-Tuesday-Blitz-May-07-2024"]
[Site "Chess.com"]
[Date "2024.05.07"]
[Round "10"]
[White "Statham_01"]
[Black "Hakiki_satranc"]
[Result "1-0"]
[WhiteElo "2617"]
[BlackElo "2414"]
[TimeControl "180+1"]
[EndTime "15:58:16 PDT"]
[Termination "Statham_01 won by resignation"]

1. f4 c5 2. Nf3 Nc6 3. e3 g6 4. d4 cxd4 5. exd4 d5 6. Bb5 Bg4 7. O-O e6 8. Nbd2 Ne7 9. h3 Bxf3 10. Nxf3 Bg7 11. c3 O-O 12. Be3 Nf5 13. Bf2 Nd6 14. Bd3 b5 15. a3 a5 16. Qe2 b4 17.
axb4 axb4 18. Ne5 Qc7 19. Bg3 bxc3 20. bxc3 Nf5 21. Bxf5 gxf5 22. Rac1 Ne7 23. c4 dxc4 24. Rxc4 Qb7 25. Rfc1 Rfc8 26. Kh2 Rxc4 27. Rxc4 Rc8 28. Bh4 Rxc4 29. Qxc4 Nd5 30. Qa4 Qc8 31. Qa7 Qe8 32. Bg3 Nf6 33. Qb7 Nd5 34. Nc6 Bh6 35. Kg1 Bxf4 36.
Bh4 Bd6 37. Ne5 Bxe5 38. dxe5 Kg7 39. Qb2 Qa4 40. Bg5 Qe4 41. Qd2 f4 42. Kh1 Qxe5 43. Bh4 Qa1+ 44. Kh2 Qc3 45. Qe2 Qd4 46. Qg4+ Kf8 47.
Qh5 Qe4 48. Qh6+ Ke8 49. Qg5 Kd7 50. Qd8+ Kc6 51. Be7 Nxe7 52. Qa8+ Kd6 53. Qxe4 Ng6 54. h4 f5 55. Qd4+ Kc6 56. h5 Ne7 57. Qc4+ Kd6 58.
Qb4+ Kd7 59. Qa4+ Kd6 60. Qxf4+ Kd7 61. Qd4+ Nd5 62. Qg7+ Kd6 63. Qxh7 f4 64. Qh8 Ne7 65.
Qd4+ Nd5 66. h6 Ke7 67. Qg7+ Kd6 68. h7 f3 69. gxf3 e5 70. h8=Q Nf4 71. Qxe5+ Kc6 72. Qxf4 Kd5 73. Qhe5+ Kc6 74. Qfd4 Kb7 75. Qec5 Ka6 76.
Qcc4+ Kb7 77. Qb3+ Kc8 78. Qdb2 Kc7 79. Qd3 Kc6 80.
f4 Kc5 81. f5 Kc6 82. f6 Kc7 83. f7 1-0

[Event "Late-Titled-Tuesday-Blitz-May-07-2024"]
[Site "Chess.com"]
[Date "2024.05.07"]
[Round "10"]
[White "OriTaichman"]
[Black "GMKrikor"]
[Result "0-1"]
[WhiteElo "2617"]
[BlackElo "2840"]
[TimeControl "180+1"]
[EndTime "15:58:17 PDT"]
[Termination "GMKrikor won by checkmate"]

1. e4 c5 2. Nc3 Nc6 3. Bb5 Nf6 4. Nf3 Qc7 5. O-O Nd4 6. Re1 a6 7. Bf1 Ng4 8. e5 Nxf3+ 9. Qxf3 Nxe5 10. Qg3 d6 11. f4 Nc6 12. Nd5 Qd8 13. b4 e6 14.
Bb2 f6 15. f5 e5 16. Qg4 Qd7 17. Nb6 Qxf5 18. Qxf5 Bxf5 19. Nxa8 Nxb4 20. Re2 Nxc2 21.
Rc1 Kd7 22. Nb6+ Kc6 23. Nc4 Nb4 24. Ne3 Be6 25. a3 Nd3 26. Rb1 d5 27. g3 c4 28.
Bg2 b5 29. a4 Bc5 30. axb5+ axb5 31. Kh1 Ra8 32. Ra1 Rxa1+ 33. Bxa1 e4 34. Nc2 Bg4 35. Re3 Bxe3 36. Nxe3 Be6 37. Bf1 Kc5 38. Bxd3 exd3 39. Kg2 d4 40. Nd1 b4 41. Kf2 Bg4 42. Nb2 Be2 43. Na4+ Kb5 44. Nc3+ dxc3 45. dxc3 Bg4 46.
Ke3 Ka4 47. Kd2 b3 48. Bb2 Kb5 49. Ke3 Kc6 50. Kd2 Be2 51. Ke3 Kd5 52. Bc1 Ke5 53.
Bb2 Kf5 54. Ba3 Kg4 55. Kf2 Bf3 56. Ke3 Bd1 57. Kd2 Bc2 58. Ke3 Kh3 59. Kf2 Kxh2 60. Bc1 d2 61. Bxd2 b2 62. Bf4 b1=Q 63. g4+ Kh3 64.
Kf3 Bd3 65. Ke3 Qd1 66. Kd4 Qe2 67. Kc5 Qe4 68. Bd6 Qxg4 69. Be7 Qe6 70. Bf8 g5 71. Bg7 Kg4 72. Kd4 Kf5 73. Bxf6 Qe4+ 74. Kc5 Ke6 75. Kb4 Qc6 76. Bd4 Kd5 77. Be3 Bc2 78. Bd4 Ba4 79. Be3 Qb5+ 80. Ka3 Qb3# 0-1

[Event "Late-Titled-Tuesday-Blitz-May-07-2024"]
[Site "Chess.com"]
[Date "2024.05.07"]
[Round "10"]
[White "emeli_chess"]
[Black "vladgoncharov"]
[Result "1/2-1/2"]
[WhiteElo "2453"]
[BlackElo "2578"]
[TimeControl "180+1"]
[EndTime "15:58:23 PDT"]
[Termination "Game drawn - insufficient material"]

1. d4 Nf6 2. c4 e6 3. Nc3 Bb4 4. Qc2 O-O 5. a3 Bxc3+ 6. Qxc3 Ne4 7. Qc2 d5 8. cxd5 exd5 9. Bf4 Nc6 10. e3 Bf5 11.
Bd3 Bg6 12. Nf3 Re8 13. O-O Qd7 14. Ne5 Nxe5 15. Bxe5 c6 16. f3 Nd6 17. Bxg6 hxg6 18.
Bxd6 Qxd6 19. Rae1 Re6 20. Qd3 Rae8 21. e4 dxe4 22.
Rxe4 Rd8 23. Rd1 f5 24. Rxe6 Qxe6 25. Qd2 Qd5 26. Qg5 Kf7 27. Kh1 c5 28. Re1 Qxd4 29. Re7+ Kg8 30. h3 Qd1+ 31. Kh2 Qd6+ 32. Kh1 Rb8 33.
Qe3 Kh7 34. Re6 Qd5 35. Re5 Qd1+ 36. Kh2 b6 37. Re7 Qd6+ 38. Kh1 a5 39. Re6 Qd5 40. Re7 Qd1+ 41. Kh2 Qd6+ 42. Kh1 Rd8 43. Rb7 Qd4 44. Qg5 c4 45. Qe7 Qd1+ 46. Kh2 Qd6+ 47. Qxd6 Rxd6 48.
Rc7 Rd2 49. Rxc4 Rxb2 50. a4 Rb4 51. Rc6 Rxa4 52. Rxb6 Rb4 53. Ra6 a4 54. Ra7 Kh6 55. Kg3 Kg5 56. Rxg7 f4+ 57. Kh2 a3 58. Ra7 Rb3 59.
Ra5+ Kf6 60. h4 Ke6 61. h5 gxh5 62. Rxh5 Rb2 63. Ra5 a2 64. Kh3 Kd6 65. Kg4 Rxg2+ 66. Kxf4 Ke6 67. Ra6+ Kd5 68. Kf5 Kc5 69. f4 Kb4 70. Ra8 Rc2 71. Kf6 Rc6+ 72. Kf7 Rc7+ 73. Kf6 Rc6+ 74. Kf7 Kb3 75. f5 Rc4 76. Rxa2 Kxa2 77.
f6 Kb3 78. Ke7 Re4+ 79. Kd7 Kc4 80. f7 Rf4 81. Ke7 Rxf7+ 82. Kxf7 1/2-1/2

[Event "Late-Titled-Tuesday-Blitz-May-07-2024"]
[Site "Chess.com"]
[Date "2024.05.07"]
[Round "10"]
[White "GlavkonVVS"]
[Black "Balla_Tamas"]
[Result "1/2-1/2"]
[WhiteElo "2654"]
[BlackElo "2526"]
[TimeControl "180+1"]
[EndTime "15:58:27 PDT"]
[Termination "Game drawn - insufficient material"]

1. c4 c5 2. Nc3 Nc6 3. g3 g6 4. Bg2 Bg7 5. Nf3 e6 6. O-O Nge7 7. d3 O-O 8. a3 d6 9. Bg5 h6 10. Bd2 Kh7 11. Rb1 b6 12. b4 cxb4 13. axb4 Bb7 14. b5 Na5 15. h4 Rc8 16. h5 d5 17. hxg6+ fxg6 18. cxd5 Bxc3 19. dxe6 Bg7 20. Qa4 Nf5 21. Rfc1 Bxf3 22. Rxc8 Qxc8 23. exf3 Qxe6 24. f4 Bd4 25.
Re1 Qb3 26. Qxb3 Nxb3 27. Bb4 Rd8 28. Kf1 Nc5 29. g4 Nxd3 30. gxf5 gxf5 31. Re7+ Kg6 32.
Bd2 Bc5 33. Rxa7 Nxf2 34. Be1 Ng4 35. Bh3 Ne3+ 36. Ke2 Re8 37. Kf3 Nd1 38. Bd2 Rd8 39. Be1 Nb2 40. Rc7 Rd3+ 41. Kg2 Nd1 42. Rc6+ Kg7 43.
Bh4 Ne3+ 44. Kh1 Ng4 45. Kg2 Rd2+ 46. Kf3 Nh2+ 47. Kg3 Bf2+ 48. Kxh2 Bxh4+ 49. Kh1 Bf2 50. Bxf5 Bc5 51. Rg6+ Kf7 52. Rxh6 Rf2 53. Rh4 Kf6 54.
Bh3 Rb2 55. f5 Rxb5 56. Rh6+ Kg5 57. Rg6+ Kh4 58. Bf1 Rb1 59. Kg2 Rb2+ 60. Kh1 Rf2 61. Bd3 Rf3 62. Be2 Rf2 63. Rg2 Rxf5 64. Rh2+ Kg3 65.
Rg2+ Kf4 66. Rg4+ Ke3 67. Bb5 Rh5+ 68. Kg2 Rf5 69. Rg3+ Ke4 70. Rg4+ Ke3 71. Rg3+ Kd2 72. Rd3+ Kc2 73. Rf3 Re5 74. Bd3+ Kc3 75. Bf1+ Kd2 76. Rd3+ Kc2 77. Rf3 Rg5+ 78. Rg3 Rd5 79. Bc4 Rd4 80. Bb5 Rb4 81. Bd7 Rb2 82. Kh3 b5 83. Rg5 Bd4 84. Rxb5 Rxb5 85. Bxb5 1/2-1/2

[Event "Late-Titled-Tuesday-Blitz-May-07-2024"]
[Site "Chess.com"]
[Date "2024.05.07"]
[Round "10"]
[White "chess_sharparchitect"]
[Black "Romadk"]
[Result "1-0"]
[WhiteElo "2305"]
[BlackElo "2475"]
[TimeControl "180+1"]
[EndTime "15:58:43 PDT"]
[Termination "chess_sharparchitect won by checkmate"]

1. c4 Nf6 2. Nc3 e6 3. e4 Bb4 4. e5 Bxc3 5. bxc3 Ng8 6. Qg4 Kf8 7. d4 h5 8. Qe4 d5 9. cxd5 Qxd5 10.
Ba3+ Ne7 11. Qh4 Nc6 12. Nf3 Qa5 13. Bb2 Nf5 14. Qe4 Qd5 15. Qf4 b6 16. Bd3 Bb7 17. O-O Nce7 18. c4 Qa5 19. Rfe1 Rh6 20. d5 Rg6 21.
Be4 Qa6 22. Qc1 exd5 23. cxd5 Bxd5 24. Qxc7 Rc8 25. Qd7 Be6 26. Qd2 Rg4 27. Rac1 Kg8 28.
Rxc8+ Qxc8 29. h3 Rg6 30. Ng5 Qd7 31. Qc1 Qa4 32. Rd1 Bd7 33. Bf3 Rxg5 34. Qxg5 Ng6 35. e6 Bxe6 36. Rd8+ Kh7 37. Qxh5+ Nh6 38. Qg5 Qh4 39.
Qxh4 Nxh4 40. Be4+ f5 41. Bd3 Kg6 42. Re8 Kf7 43.
Rb8 Ng6 44. Rb7+ Ne7 45. Rxa7 Ng8 46. Ba3 Ke8 47. Bb5+ Kd8 48. Ra8+ Kc7 49. Bxe7 Nxe7 50. Re8 Kd6 51. Rd8+ Kc5 52. Be8 Nd5 53. g3 Nb4 54. Rd1 Nxa2 55. f3 Nb4 56. Rc1+ Kd6 57. Kf2 Nd5 58. g4 Ke7 59. Ba4 f4 60. g5 Kd6 61.
Rd1 Kc5 62. h4 b5 63. Bb3 Nc7 64. Bxe6 Nxe6 65. Rc1+ Kd4 66. g6 b4 67. Rc6 Nc5 68. Rb6 Kc4 69. h5 b3 70. h6 Nd3+ 71. Ke2 b2 72.
Kd2 Nb4 73. Rxb4+ Kxb4 74. Kc2 Ka3 75. Kb1 Kb3 76. hxg7 Kc3 77. g8=Q Kd2 78. Qc8 Ke3 79.
Qe6+ Kf2 80. Kxb2 Kg3 81. Qf5 Kf2 82. Qxf4 Kf1 83. Qh4 Ke2 84. Qh2+ Ke3 85. Qc2 Kf4 86. g7 Kg3 87. Qd3 Kf4 88. Qd4+ Kg3 89. Qe4 Kf2 90. Kc2 Kg3 91. Kd2 Kh3 92. f4 Kg3 93. f5 Kh3 94.
f6 Kg3 95. f7 Kh3 96. Qg6 Kh4 97. Ke1 Kh3 98. Kf1 Kh4 99. Kf2 Kh3 100. Kf3 Kh4 101. Qg4# 1-0

[Event "Late-Titled-Tuesday-Blitz-May-07-2024"]
[Site "Chess.com"]
[Date "2024.05.07"]
[Round "10"]
[White "maracayo"]
[Black "Licancabur"]
[Result "0-1"]
[WhiteElo "2379"]
[BlackElo "2493"]
[TimeControl "180+1"]
[EndTime "15:58:54 PDT"]
[Termination "Licancabur won by resignation"]

1. e4 Nf6 2. d3 d5 3. Nd2 e5 4. Ngf3 Nc6 5. Be2 Be7 6. O-O O-O 7. h3 Re8 8. c3 Bf8 9. b4 d4 10. cxd4 Nxd4 11. Nxd4 Qxd4 12. Rb1 Bxb4 13. Nf3 Qd6 14. d4 Nxe4 15. Qc2 exd4 16. Rd1 c5 17.
Rxb4 cxb4 18. Rxd4 Qc6 19. Rc4 Qd5 20. Rd4 Qe6 21.
Bc4 Qe7 22. Bb5 Bf5 23. Bxe8 Rxe8 24. Be3 a5 25. Rd5 Bg6 26. Rxa5 Nc3 27. Qb3 b6 28.
Ra6 Ne2+ 29. Kh2 Qc7+ 30. g3 Be4 31. Ng5 Bb7 32. Rxb6 Qe7 33. Qxb4 Qxb4 34. Rxb4 Bd5 35. Rb2 Nc3 36. a3 h6 37. Rd2 hxg5 38. Bd4 Ne4 39.
Rd1 Be6 40. Rb1 Ra8 41. Ra1 Nd6 42. a4 Nc4 43. Bc3 f6 44. Kg1 Ra6 45. f4 Kf7 46. fxg5 fxg5 47. g4 Bd5 48. Kf2 Ke6 49. Ke2 g6 50.
Kd3 Ne5+ 51. Kd4 Nd7 52. Re1+ Kd6 53. Bb4+ Kc6 54. Rc1+ Kb7 55. a5 Bc6 56. Rb1 Ra8 57. Bd6+ Kc8 58. Bb4 Ra6 59. Kc4 Bb7 60. Kd4 Rc6 61. Rf1 Re6 62. Rf7 Rc6 63. Kd3 Re6 64. Kd4 Ne5 65. Rg7 Nc6+ 66. Kc5 Nxb4 67. Kxb4 Ba6 68.
Kc5 Kd8 69. Rg8+ Kd7 70. Rb8 Ke7 71. Rb6 Re5+ 72. Kc6 Rxa5 73. Kc7 Bf1 74. Kb8 Bxh3 75. Kc7 Bxg4 76. Rxg6 Bf3 77. Rg7+ Kf6 78. Rg8 Rd5 79. Rf8+ Ke5 80. Rxf3 Ke4 81. Rg3 Kf4 82. Rg1 g4 83. Kc6 Rd2 84. Kc5 g3 85. Kc4 Kf3 86. Kc3 Rd7 87. Rf1+ Kg2 88. Rf8 Kg1 89. Kc2 g2 90. Rd8 Rxd8 0-1

[Event "Late-Titled-Tuesday-Blitz-May-07-2024"]
[Site "Chess.com"]
[Date "2024.05.07"]
[Round "10"]
[White "Pidzsy"]
[Black "mbojan"]
[Result "1/2-1/2"]
[WhiteElo "2593"]
[BlackElo "2864"]
[TimeControl "180+1"]
[EndTime "15:59:26 PDT"]
[Termination "Game drawn by 50-move rule"]

1. g3 g6 2. Bg2 Bg7 3. Nf3 d6 4. O-O Bd7 5. d4 Qc8 6. c4 Bh3 7. Nc3 h5 8. e4 Nc6 9. Bxh3 Qxh3 10. Ng5 Qd7 11. d5 Ne5 12. Qe2 h4 13. f4 Ng4 14. Ne6 fxe6 15. Qxg4 exd5 16. Qxg6+ Kf8 17. Nxd5 hxg3 18. f5 Bd4+ 19. Be3 Bxe3+ 20. Nxe3 gxh2+ 21. Kh1 Qe8 22. Nd5 Qxg6 23. fxg6+ Kg7 24. Nxc7 Rc8 25. Ne6+ Kxg6 26. b3 Nf6 27. Rae1 Ng4 28. Nf4+ Kh6 29. Nd5 Rcf8 30. Nxe7 Rxf1+ 31. Rxf1 Re8 32. Nf5+ Kg5 33. Ng3 Kh4 34. Nf5+ Kg5 35. Nxd6 Re6 36. c5 b6 37.
Rf5+ Kh4 38. Rf3 bxc5 39. Nf5+ Kg5 40. Ng3 Rd6 41. Kg2 Rd2+ 42. Kh3 Nf2+ 43. Kxh2 Nxe4+ 44. Kh3 Nf2+ 45. Kg2 Nd3+ 46. Kf1 Kg4 47. Ne4 Rd1+ 48. Ke2 Re1+ 49. Kxd3 Kxf3 50. Nxc5 Rd1+ 51. Kc4 Ke3 52. a4 Rc1+ 53. Kb5 Kd4 54. b4 Kd5 55. a5 Rh1 56.
Ka6 Kc4 57. Nb7 Kxb4 58. Kxa7 Kb5 59. a6 Rh6 60. Kb8 Kb6 61. Nd8 Rh7 62. Kc8 Rc7+ 63. Kb8 Re7 64. Kc8 Kxa6 65. Kb8 Kb6 66. Kc8 Rc7+ 67.
Kb8 Rc1 68. Nb7 Kc6 69. Nd8+ Kd6 70. Nb7+ Kc6 71. Nd8+ Kb6 72. Ne6 Re1 73. Nd8 Re7 74. Kc8 Kc5 75. Nb7+ Kc6 76. Nd8+ Kd5 77. Nb7 Rh7 78.
Nd8 Kc5 79. Nb7+ Kb6 80. Nd8 Rh6 81. Kd7 Kc5 82. Ne6+ Kd5 83. Nc7+ Ke5 84. Nb5 Rb6 85. Nc7 Rb7 86. Kc8 Ra7 87. Kd7 Kf6 88. Kc6 Ra1 89.
Kd7 Ke5 90. Kc6 Rc1+ 91. Kd7 Rc2 92. Ne8 Rd2+ 93. Ke7 Rd5 94. Nf6 Ra5 95. Nd7+ Kf5 96. Kd6 Kg6 97. Ne5+ Kg7 98. Nd7 Ra7 99. Nc5 Kf7 100.
Ne4 Re7 101. Kd5 Ke8 102. Nd6+ Kd7 103. Ne4 Rg7 104. Nc5+ Ke7 105. Ne4 Rg4 106. Ke5 Rg1 107. Kf5 Re1 108. Ke5 Kf7 109. Kf5 Re2 110. Ke5 Kg6 111. Kd4 Re1 112. Nc3 Kf5 113. Kd5 Rc1 114. Ne2 Rd1+ 1/2-1/2

[Event "Late-Titled-Tuesday-Blitz-May-07-2024"]
[Site "Chess.com"]
[Date "2024.05.07"]
[Round "11"]
[White "dealshark"]
[Black "youngdinousaur"]
[Result "1-0"]
[WhiteElo "2538"]
[BlackElo "2336"]
[TimeControl "180+1"]
[EndTime "16:02:51 PDT"]
[Termination "dealshark won by resignation"]

1. e4 c5 2. c3 g6 3. d4 cxd4 4. cxd4 d5 5. Nc3 dxe4 6. Bc4 Bg7 7. Qb3 e6 8. d5 e5 9. d6 Qxd6 10. Bxf7+ Kf8 11. Nxe4 Qd4 12. Ng5 Ne7 13. Be3 Qb6 14.
Bxb6 1-0

[Event "Late-Titled-Tuesday-Blitz-May-07-2024"]
[Site "Chess.com"]
[Date "2024.05.07"]
[Round "11"]
[White "Kostukov_Alex"]
[Black "DonMicheleCorleone"]
[Result "0-1"]
[WhiteElo "2366"]
[BlackElo "2490"]
[TimeControl "180+1"]
[EndTime "16:02:52 PDT"]
[Termination "DonMicheleCorleone won by resignation"]

1. g3 d5 2. Bg2 Bg4 3. h3 Bh5 4. g4 Bg6 5. f4 e6 6. Nf3 h5 7.
g5 Nc6 8. O-O Bd6 9. d3 Nge7 10.
Nc3 d4 11. Nb5 Nf5 12. Qe1 a6 13. Nxd6+ Qxd6 14. Nh4 O-O-O 15. e4 dxe3 16. Bxe3 Ncd4 17. Nxf5 Bxf5 18. Qc3 Ne2+ 0-1

[Event "Late-Titled-Tuesday-Blitz-May-07-2024"]
[Site "Chess.com"]
[Date "2024.05.07"]
[Round "11"]
[White "Felix-Rose"]
[Black "FredddieCroderg"]
[Result "1-0"]
[WhiteElo "2231"]
[BlackElo "2371"]
[TimeControl "180+1"]
[EndTime "16:02:57 PDT"]
[Termination "Felix-Rose won by resignation"]

1. e4 e6 2. d4 c6 3. Nc3 d5 4. Nf3 dxe4 5. Nxe4 Nf6 6. Nxf6+ gxf6 7. g3 Bd6 8. Bg2 Qc7 9. O-O Nd7 10. c4 Nf8 11. Re1 Ng6 12. d5 O-O 13. Qd4 e5 14. Qd2 cxd5 15.
cxd5 Re8 16. h4 e4 17. h5 exf3 18. Rxe8+ Nf8 19. Bxf3 Bg4 20. Rxa8 Bxf3 21. Qh6 Qc2 22. Bf4 Bc5 23. Rf1 Bxd5 24. Qxf6 Qe4 25. Qg5+ Kh8 26. Qe5+ Kg8 27. Qg5+ Kh8 28. Be5+ 1-0

[Event "Late-Titled-Tuesday-Blitz-May-07-2024"]
[Site "Chess.com"]
[Date "2024.05.07"]
[Round "11"]
[White "SergioMoralesG"]
[Black "crescentmoon2411"]
[Result "1-0"]
[WhiteElo "2514"]
[BlackElo "2841"]
[TimeControl "180+1"]
[EndTime "16:03:01 PDT"]
[Termination "SergioMoralesG won by resignation"]

1. d4 d5 2. c4 e6 3. Nf3 a6 4.
cxd5 exd5 5. Nc3 c6 6. Bg5 Be7 7. Bxe7 Qxe7 8. e3 Nf6 9. h3 Bf5 10. Be2 Nbd7 11. O-O Ne4 12. Rc1 g5 13. Nxe4 Bxe4 14.
Qb3 Rb8 15. Qc3 h5 16. Nd2 g4 17. Nxe4 Qxe4 18. f3 Qg6 19. fxg4 hxg4 20. Bxg4 Nf6 21. Rf4 Nxg4 22. Rxg4 Qe6 23. e4 dxe4 24. d5 Qh6 25. Qe5+ Kd7 26. dxc6+ bxc6 27. Rd1+ Kc8 28. Rxe4 Rb7 29.
Rd6 Qc1+ 30. Re1 Qxb2 1-0

[Event "Late-Titled-Tuesday-Blitz-May-07-2024"]
[Site "Chess.com"]
[Date "2024.05.07"]
[Round "11"]
[White "duone"]
[Black "Godzillator"]
[Result "1/2-1/2"]
[WhiteElo "2416"]
[BlackElo "2352"]
[TimeControl "180+1"]
[EndTime "16:03:01 PDT"]
[Termination "Game drawn by repetition"]

1. e4 d5 2. exd5 Qxd5 3. Nc3 Qd8 4. d4 c6 5. Nf3 Nf6 6. Bf4 Bg4 7. Be2 e6 8. O-O Bd6 9. Bxd6 Qxd6 10. Ne5 Bxe2 11. Qxe2 Qxd4 12. Rad1 Qb6 13. Na4 Qc7 14. Nc5 O-O 15. Qe3 b6 16. Ncd3 Nbd7 17. f4 Nd5 18.
Qg3 Nxe5 19. fxe5 Ne7 20. Rde1 Ng6 21. Nf4 Rad8 22. Nxg6 hxg6 23. Rf4 Qe7 24. Rh4 g5 25. Rh5 g6 26. Rh6 Kg7 27. Qh3 Rh8 28. Rxh8 Rxh8 29.
Qf3 Rd8 30. Qxc6 Qc5+ 31. Qxc5 bxc5 32. Re3 Rd2 33. Rc3 Rd5 34. Re3 Rd2 35. Rc3 Rd5 36. Re3 Rd2 1/2-1/2

[Event "Late-Titled-Tuesday-Blitz-May-07-2024"]
[Site "Chess.com"]
[Date "2024.05.07"]
[Round "11"]
[White "Bryanl106"]
[Black "scandalgod"]
[Result "0-1"]
[WhiteElo "2691"]
[BlackElo "2550"]
[TimeControl "180+1"]
[EndTime "16:03:02 PDT"]
[Termination "scandalgod won by resignation"]

1. e4 e5 2. Nf3 Nc6 3. Nc3 Nf6 4.
a3 d5 5. Bb5 d4 6. Ne2 Bd6 7. d3 a6 8. Bc4 h6 9. O-O Qe7 10. c3 dxc3 11. Nxc3 O-O 12. h3 Be6 13. Qe2 Bxc4 14. dxc4 Nd4 15. Nxd4 exd4 16. Nd5 Nxd5 17. cxd5 Rae8 18. Re1 f5 19. Qc4 fxe4 20. Bd2 Qf6 21. Rf1 Qe5 22. g3 e3 23. Be1 e2 0-1

[Event "Late-Titled-Tuesday-Blitz-May-07-2024"]
[Site "Chess.com"]
[Date "2024.05.07"]
[Round "11"]
[White "super_emi_26"]
[Black "Denmark2015"]
[Result "1-0"]
[WhiteElo "2828"]
[BlackElo "2580"]
[TimeControl "180+1"]
[EndTime "16:03:15 PDT"]
[Termination "super_emi_26 won by resignation"]

1. e4 e6 2. Qe2 Be7 3. Nf3 d5 4. d3 Nf6 5. g3 b6 6. Bg2 Bb7 7.
exd5 Nxd5 8. O-O c5 9. Ne5 Qc8 10. Re1 Nd7 11. Nxf7 O-O 12. Qxe6 Rxf7 13. Bxd5 Bxd5 14.
Qxd5 Nf6 15. Qe6 Ng4 16. Qxc8+ Rxc8 17. Be3 Rcf8 18. Nc3 Nxf2 19. Bxf2 Rxf2 20. Rxe7 Rxc2 21. Rf1 1-0

[Event "Late-Titled-Tuesday-Blitz-May-07-2024"]
[Site "Chess.com"]
[Date "2024.05.07"]
[Round "11"]
[White "secretworker2027"]
[Black "oskariot"]
[Result "0-1"]
[WhiteElo "2678"]
[BlackElo "2780"]
[TimeControl "180+1"]
[EndTime "16:03:17 PDT"]
[Termination "oskariot won by resignation"]

1. e4 c5 2. Nf3 e6 3. d4 cxd4 4. Nxd4 Nf6 5. Nc3 d6 6. g4 e5 7.
Nf5 h5 8. g5 Nxe4 9. Nxg7+ Bxg7 10. Nxe4 d5 11. Ng3 Nc6 12. Nxh5 Rxh5 13. Qxh5 Nd4 14. Qh7 Kf8 15. Bd2 Qb6 16. Bd3 e4 17. a3 a5 18. g6 exd3 19. Bh6 Qe6+ 0-1